 Dungeon Crawl Stone Soup version 0.21.0-37-g46506fa (webtiles) character file.

70555 garbagetei the Scorcher (level 14, 0/72 HPs)
             Began as a Deep Elf Fire Elementalist on Jan 31, 2018.
             Was an Elder of Vehumet.
             Slain by an enchanted long sword (23 damage)
             ... on level 14 of the Dungeon.
             The game lasted 01:54:02 (33030 turns).

garbagetei the Scorcher (DEFE)                     Turns: 33030, Time: 01:54:03

Health: 0/72       AC: 11    Str:  5    XL:     14   Next: 94%
Magic:  29/45      EV: 13    Int: 30    God:    Vehumet [****..]
Gold:   1738       SH:  0    Dex: 15    Spells: 16/45 levels left

rFire    + . .     SeeInvis .   F - staff of conjuration
rCold    . . .     Gourm    .   (no shield)
rNeg     . . .     Faith    .   p - +2 robe {MR+}
rPois    .         Spirit   .   f - +0 helmet
rElec    .         Reflect  .   y - +1 cloak
rCorr    .         Harm     .   x - +1 pair of gloves
MR       ++...                  L - +1 pair of boots
Stlth    ++........             l - amulet of magic regeneration
HPRegen  0.22/turn              W - ring of magical power
MPRegen  0.54/turn              J - +4 ring of intelligence

@: no status effects
A: hooves 1, fire resistance 1, wild magic 1
a: Renounce Religion


You were on level 14 of the Dungeon.
You worshipped Vehumet.
Vehumet was greatly pleased with you.
You were not hungry.

You visited 6 branches of the dungeon, and saw 25 of its levels.

You collected 1738 gold pieces.

Inventory:

Armour
 f - a +0 helmet (worn)
 p - a +2 robe of magic resistance (worn)
 x - a +1 pair of gloves (worn)
 y - a +1 cloak (worn)
 L - a +1 pair of boots (worn)
Magical Staves
 F - an uncursed staff of conjuration (weapon)
Jewellery
 g - an uncursed amulet of harm
 j - an uncursed ring of resist corrosion
 k - a +4 ring of dexterity
 l - an amulet of magic regeneration (around neck)
 A - an uncursed ring of see invisible
 J - a +4 ring of intelligence (right hand)
 K - a +3 ring of protection
 Q - an uncursed amulet of faith
 W - a ring of magical power (left hand)
Wands
 a - a wand of iceblast (8)
 e - a wand of disintegration (21)
 h - a wand of digging (20)
 I - a wand of polymorph (24)
 N - a wand of paralysis (10)
 Y - a wand of enslavement (7)
Scrolls
 m - 2 scrolls of fog {unknown}
 o - a scroll of noise {unknown}
 q - 2 scrolls of immolation {unknown}
 v - 4 scrolls of teleportation
 w - 7 scrolls of remove curse
 z - a scroll of amnesia {unknown}
 B - 5 scrolls of enchant armour
 C - 2 scrolls of blinking
 D - 2 scrolls of torment {unknown}
 P - a scroll of holy word {unknown}
 R - 2 scrolls of magic mapping {unknown}
Potions
 d - a potion of might
 i - a potion of haste
 n - a potion of curing
 r - a potion of magic
 s - a potion of agility {unknown}
 t - 3 potions of lignification
 u - 3 potions of flight
 M - 3 potions of ambrosia {unknown}
 O - 3 potions of resistance {unknown}
 S - a potion of cancellation {unknown}
 U - 2 potions of berserk rage {unknown}
 V - a potion of experience {unknown}
 X - 2 potions of mutation
Books
 b - a book of Flames

   Spells                             Type                      Level
   a - Flame Tongue                   Conjuration/Fire             1
   b - Throw Flame                    Conjuration/Fire             2
   c - Conjure Flame                  Conjuration/Fire             3
   d - Inner Flame                    Hexes/Fire                   3
   e - Sticky Flame                   Conjuration/Fire             4
   f - Fireball                       Conjuration/Fire             5
 G - a book of Callings

   Spells                             Type                      Level
   a - Summon Small Mammal            Summoning                    1
   b - Call Imp                       Summoning                    2
   c - Call Canine Familiar           Summoning                    3
   d - Summon Guardian Golem          Hexes/Summoning              3
   e - Summon Lightning Spire         Summoning/Air                4
   f - Summon Ice Beast               Ice/Summoning                4
 H - a book of Clouds

   Spells                             Type                      Level
   a - Poisonous Vapours              Poison/Air                   2
   b - Mephitic Cloud                 Conjuration/Poison/Air       3
   c - Conjure Flame                  Conjuration/Fire             3
   d - Freezing Cloud                 Conjuration/Ice/Air          6
   e - Ring of Flames                 Charms/Fire                  7
 T - a book of Minor Magic

   Spells                             Type                      Level
   a - Magic Dart                     Conjuration                  1
   b - Blink                          Translocation                2
   c - Call Imp                       Summoning                    2
   d - Slow                           Hexes                        2
   e - Conjure Flame                  Conjuration/Fire             3
   f - Mephitic Cloud                 Conjuration/Poison/Air       3
Miscellaneous
 Z - 2 phantom mirrors
Comestibles
 c - 30 rations


   Skills:
 * Level 2.7 Fighting
 + Level 1.0 Throwing
 - Level 2.5 Dodging
 - Level 2.4 Stealth
 + Level 16.1 Spellcasting
 * Level 16.4 Conjurations
 + Level 4.4 Summonings
 + Level 1.0 Translocations
 * Level 16.8 Fire Magic
 + Level 0.4 Air Magic
 + Level 3.8 Earth Magic


You had 16 spell levels left.
You knew the following spells:

 Your Spells              Type           Power        Failure   Level  Hunger
a - Flame Tongue          Conj/Fire      #####        1%          1    None
b - Conjure Flame         Conj/Fire      ########     1%          3    None
c - Sticky Flame          Conj/Fire      ########     1%          4    None
d - Fireball              Conj/Fire      ########..   1%          5    None
e - Call Imp              Summ           ######..     1%          2    None
f - Call Canine Familiar  Summ           ######..     1%          3    None
g - Sandblast             Erth           ######       1%          1    None
h - Mephitic Cloud        Conj/Pois/Air  #######.     1%          3    None
i - Blink                 Tloc           N/A          3%          2    None
j - Bolt of Magma         Conj/Fire/Erth ########..   1%          5    None


Dungeon Overview and Level Annotations

Branches:
Dungeon (14/15)            Temple (1/1) D:4            Lair (6/6) D:8
 Shoals (1/4) Lair:3       Spider (1/4) Lair:2        Slime (0/5) Lair:6
    Orc (2/2) D:10
    Elf: Orc:2       Vaults: D:13-14

Altars:
Ashenzari
Cheibriados
Dithmenos
Elyvilon
Fedhas
Gozag
Hepliaklqana
Kikubaaqudgha
Makhleb
Nemelex Xobeh
Okawaru
Qazlal
Ru
Sif Muna
Trog
Uskayaw
Vehumet
Wu Jian
Xom
Yredelemnul
Zin
The Shining One
Jiyva

Shops:
D:7 *   D:9 (   D:12 }

Annotations:
D:13 1 runed door, exclusion: door
Lair:2 exclusion: 2 oklob plants
Lair:6 exclusion: oklob plant
Shoals:1 Aizul


Innate Abilities, Weirdness & Mutations

You have large cloven feet.
Your flesh is heat resistant. (rF+)
Your spells are a little harder to cast, but a little more powerful.


Message History

Casting: Blink
Confirm with . or Enter, or press ? or * to list all spells.
You blink.
The enchanted long sword barely misses you.
Casting: Blink
Confirm with . or Enter, or press ? or * to list all spells.
You blink.
The enchanted long sword barely misses you.
Casting: Blink
Confirm with . or Enter, or press ? or * to list all spells.
You blink.
You feel much better.
Casting: Blink
Confirm with . or Enter, or press ? or * to list all spells.
You blink.
Casting: Blink
Confirm with . or Enter, or press ? or * to list all spells.
You blink.
The enchanted long sword hits you! The enchanted long sword hits you!!
You die...

.. ##[(###..## #....##
#. ##.(##
###.#####.....## #
#.####..##
##..##...##..###
#.#....#
##....####...##
##.....## #..###
##.... ##......#
###..# #.....
###...#...## ###...##
##.....
.....###...#####.....#
#...... ...§##
##......(@....#
##>....# ....#
##.§....(....#
#.....## #§.##
##..........# ##..[.##
#..#
##....##...####.....#
#..#
#########..##......#
#..# ##.#.......# #..#
##.......## #.## ###
##......## ..###...#
####....###


You could see 2 dancing weapons.

Vanquished Creatures
  Azrael (D:13)
  Josephine (Lair:4)
  A fire dragon (Lair:6)
  11 hydras
  A rakshasa (D:13)
  A death knight (D:12)
  The ghost of Ratty the Archer, a novice CeHu of Elyvilon (D:9)
  A catoblepas (Lair:6)
  2 centaur warriors (D:13)
  An ogre mage (Orc:2)
  6 two-headed ogres
  A swamp dragon (Lair:6)
  An orb spider (Spider:1)
  2 wolf spiders (Spider:1)
  3 oklob plants
  An orc sorcerer (Orc:2)
  The ghost of p0werm0de the Grave Robber, a novice DgNe (D:6)
  A deep elf mage (D:13)
  6 elephants (Lair:6)
  2 manticores
  3 cyclopes
  3 ugly things
  2 centaur zombies
  3 black mambas
  Joseph (D:9)
  14 spiny frogs
  A torpor snail (Lair:6)
  Psyche (D:8)
  4 rime drakes
  2 kobold demonologists (D:11)
  An efreet (D:13)
  6 komodo dragons
  A queen bee (D:11)
  11 trolls
  2 jumping spiders
  2 hornets
  2 polar bears
  Grinder (D:3)
  19 blink frogs
  9 hippogriffs
  A slime creature (D:14)
  Sigmund (D:2)
  2 vampires
  6 wraiths
  A redback (Spider:1)
  3 tarantellas (Spider:1)
  4 wyverns
  3 basilisks
  2 fire elementals (D:13)
  32 yaks
  3 vampire mosquitoes (D:12)
  2 hungry ghosts (D:13)
  A steam dragon (Lair:6)
  Menkaure (D:5)
  Edmund (D:5)
  2 acid dragons (Lair:6)
  8 water moccasins
  2 hell hounds (D:13)
  7 porcupines
  An ice beast (D:7)
  9 orc warriors
  3 necrophages
  2 swamp drakes
  2 black bears
  3 sky beasts
  An eye of draining (D:12)
  3 phantoms
  12 ogres
  The ghost of xpss2001 the Ruffian, an amateur DrTm (D:3)
  4 boggarts (D:12)
  18 centaurs
  17 crocodiles
  22 wolves
  3 big kobolds
  13 bullfrogs
  A gnoll sergeant (D:7)
  3 scorpions
  A wyvern skeleton (D:14)
  A water moccasin skeleton (D:9)
  34 killer bees
  4 wights (D:10)
  4 electric eels (D:8)
  3 crimson imps
  A bullfrog zombie (D:12)
  A jelly (D:12)
  11 orc priests
  5 hounds
  3 bullfrog skeletons
  10 orc wizards
  2 centaur skeletons
  Terence (D:3)
  6 iguanas
  7 worker ants
  9 hell rats
  A killer bee zombie (D:10)
  A hound zombie (D:11)
  3 hound skeletons
  A howler monkey zombie (D:9)
  3 gnolls (D:7)
  15 adders
  A shadow imp (D:6)
  An ooze (D:3)
  A worm (D:2)
  2 dart slugs
  6 leopard geckos
  60 orcs
  5 bats
  6 giant cockroaches
  7 goblins
  4 hobgoblins
  6 jackals
  25 kobolds
  7 quokkas
  5 ball pythons
  2 frilled lizards (D:3)
  A jackal skeleton (D:5)
  A quokka skeleton (D:7)
  11 rats
  2 plants (Lair:6)
613 creatures vanquished.

Vanquished Creatures (collateral kills)
  A phantom (D:9)
  A bullfrog (D:9)
  2 orcs
  A quokka (D:6)
5 creatures vanquished.

Vanquished Creatures (others)
  21 fungi
  24 plants
45 creatures vanquished.

Grand Total: 663 creatures vanquished

Notes
Turn   | Place    | Note
-------+----------+-------------------------------------------
     0 | D:1      | garbagetei the Deep Elf Fire Elementalist began the quest for the Orb.
     0 | D:1      | Reached XP level 1. HP: 10/10 MP: 6/6
   163 | D:1      | Reached XP level 2. HP: 11/15 MP: 1/8
  1366 | D:2      | Reached XP level 3. HP: 17/19 MP: 2/9
  1377 | D:2      | Learned a level 3 spell: Conjure Flame
  1478 | D:2      | Found a hazy altar of Hepliaklqana.
  1798 | D:2      | Noticed Sigmund
  1847 | D:2      | Found a burning altar of Makhleb.
  1848 | D:2      | Found a shimmering altar of Xom.
  2188 | D:2      | Killed Sigmund
  2188 | D:2      | Reached skill level 5 in Fire Magic
  2188 | D:2      | Reached XP level 4. HP: 13/24 MP: 5/12
  2188 | D:2      | Reached XP level 5. HP: 16/28 MP: 5/14
  2370 | D:3      | Noticed Grinder
  2385 | D:2      | Learned a level 4 spell: Sticky Flame
  2709 | D:3      | Reached XP level 6. HP: 32/32 MP: 8/15
  2835 | D:3      | Killed Grinder
  2835 | D:3      | Reached skill level 5 in Spellcasting
  3057 | D:3      | Reached XP level 7. HP: 36/36 MP: 2/17
  3308 | D:3      | Found a basalt altar of Yredelemnul.
  3325 | D:3      | Noticed xpss2001's ghost (amateur DrTm)
  3343 | D:3      | Killed xpss2001's ghost
  3343 | D:3      | Reached skill level 5 in Conjurations
  3466 | D:3      | Noticed Terence
  3524 | D:3      | Killed Terence
  4213 | D:4      | Found a staircase to the Ecumenical Temple.
  4379 | Temple   | Entered the Ecumenical Temple
  4715 | D:5      | Entered Level 5 of the Dungeon
  5243 | D:5      | Noticed Edmund
  5261 | D:5      | Killed Edmund
  5508 | D:5      | Noticed Menkaure
  5516 | D:5      | Killed Menkaure
  5516 | D:5      | Reached XP level 8. HP: 41/41 MP: 10/19
  5523 | D:5      | Learned a level 5 spell: Fireball
  6218 | D:6      | Noticed p0werm0de's ghost (novice DgNe)
  6334 | D:6      | Killed p0werm0de's ghost
  6683 | D:6      | Found an ancient bone altar of Kikubaaqudgha.
  6786 | D:6      | Learned a level 2 spell: Call Imp
  7012 | D:7      | Found a bloodstained altar of Trog.
  7115 | D:7      | Found Gyorph's Elemental Accessories.
  7157 | D:7      | Reached XP level 9. HP: 33/45 MP: 16/23
  7858 | D:7      | Found a sacrificial altar of Ru.
  7868 | D:7      | Found a glowing silver altar of Zin.
  8068 | D:7      | Reached skill level 1 in Summonings
  8288 | D:8      | Noticed a troll
  8367 | D:8      | Found a radiant altar of Vehumet.
  8747 | D:8      | Reached skill level 10 in Fire Magic
  8748 | D:8      | Reached skill level 1 in Throwing
  9029 | D:8      | Killed a troll
  9227 | D:8      | Noticed Psyche
  9249 | D:8      | Killed Psyche
  9761 | D:8      | Reached XP level 10. HP: 50/50 MP: 19/25
  9872 | D:8      | Gained mutation: Potions are less effective at restoring your health. [potion of mutation]
  9872 | D:8      | Lost mutation: Potions are less effective at restoring your health. [potion of mutation]
  9872 | D:8      | Gained mutation: Your spells are a little harder to cast, but a little more powerful. [potion of mutation]
  9873 | D:8      | Lost mutation: Your spells are a little harder to cast, but a little more powerful. [potion of mutation]
  9873 | D:8      | Gained mutation: Your flesh is heat resistant. (rF+) [potion of mutation]
  9873 | D:8      | Gained mutation: You have large cloven feet. [potion of mutation]
  9873 | D:8      | Gained mutation: Your spells are a little harder to cast, but a little more powerful. [potion of mutation]
  9889 | D:8      | Found a deep blue altar of Sif Muna.
  9928 | D:8      | Found an opulent altar of Gozag.
  9938 | D:8      | Became a worshipper of Vehumet
 10245 | D:8      | Found a staircase to the Lair.
 10427 | Lair:1   | Entered Level 1 of the Lair of Beasts
 10956 | D:9      | Noticed Ratty's ghost (novice CeHu)
 11071 | D:8      | Learned a level 3 spell: Call Canine Familiar
 11862 | D:9      | Noticed Joseph
 11879 | D:9      | Killed Joseph
 11879 | D:9      | Reached skill level 10 in Spellcasting
 11879 | D:9      | Reached skill level 10 in Conjurations
 12039 | D:9      | Found Firchinui's Weapon Shoppe.
 12246 | D:10     | Entered Level 10 of the Dungeon
 12354 | D:10     | Reached * piety under Vehumet
 12354 | D:10     | Offered knowledge of Sandblast by Vehumet.
 12359 | D:10     | Learned a level 1 spell: Sandblast
 12930 | D:10     | Reached skill level 1 in Earth Magic
 13965 | D:10     | Offered knowledge of Shock by Vehumet.
 14007 | D:10     | Reached ** piety under Vehumet
 14539 | D:10     | Found a staircase to the Orcish Mines.
 14644 | D:10     | Learned a level 3 spell: Mephitic Cloud
 14647 | D:10     | Learned a level 2 spell: Blink
 14816 | D:11     | Noticed a manticore
 14847 | D:10     | Reached XP level 11. HP: 30/54 MP: 16/27
 15078 | D:11     | Noticed a white ugly thing
 16196 | Lair:1   | Offered knowledge of Ignite Poison by Vehumet.
 16429 | Lair:1   | Reached *** piety under Vehumet
 17277 | Lair:2   | Noticed a six-headed hydra
 17307 | Lair:2   | Offered knowledge of Throw Icicle by Vehumet.
 17348 | Lair:2   | Killed a six-headed hydra
 17454 | Lair:2   | Found a hole to the Spider Nest.
 17915 | Lair:2   | Noticed an oklob plant
 17915 | Lair:2   | Noticed an oklob plant
 18154 | Lair:3   | Found a staircase to the Shoals.
 18414 | Lair:3   | Noticed an eight-headed hydra
 18420 | Lair:3   | Killed an eight-headed hydra
 18420 | Lair:3   | Reached **** piety under Vehumet
 18420 | Lair:3   | Reached XP level 12. HP: 59/59 MP: 22/30
 18645 | Lair:3   | Noticed an eight-headed hydra
 18647 | Lair:3   | Killed an eight-headed hydra
 18908 | Shoals:1 | Entered Level 1 of the Shoals
 18908 | Shoals:1 | Noticed Aizul
 18910 | Shoals:1 | Noticed a merfolk aquamancer
 19086 | Lair:3   | Offered knowledge of Static Discharge by Vehumet.
 20306 | Lair:4   | Noticed a five-headed hydra
 20309 | Lair:4   | Killed a five-headed hydra
 20322 | Lair:4   | Noticed Josephine
 20424 | Lair:4   | Killed Josephine
 22268 | Lair:5   | Reached ***** piety under Vehumet
 22744 | Lair:6   | Entered Level 6 of the Lair of Beasts
 22865 | Lair:6   | Noticed a seven-headed hydra
 22872 | Lair:5   | Killed a seven-headed hydra
 22872 | Lair:5   | Reached XP level 13. HP: 31/63 MP: 24/32
 23109 | Lair:6   | Offered knowledge of Bolt of Magma by Vehumet.
 23266 | Lair:6   | Learned a level 5 spell: Bolt of Magma
 23604 | Lair:6   | Reached skill level 1 in Translocations
 23855 | Lair:6   | Reached skill level 15 in Fire Magic
 24757 | Lair:6   | Noticed a fire dragon
 25150 | Lair:6   | Found a staircase to the Slime Pits.
 25516 | Lair:6   | Killed a fire dragon
 25516 | Lair:6   | Reached skill level 15 in Conjurations
 26420 | Spider:1 | Entered Level 1 of the Spider Nest
 26429 | Spider:1 | Noticed an emperor scorpion
 26431 | Spider:1 | Noticed an emperor scorpion
 26648 | Lair:1   | Offered knowledge of Iskenderun's Mystic Blast by Vehumet.
 27265 | D:9      | Killed Ratty's ghost
 27325 | Orc:1    | Entered Level 1 of the Orcish Mines
 27560 | Orc:2    | Entered Level 2 of the Orcish Mines
 27684 | Orc:2    | Reached XP level 14. HP: 68/68 MP: 33/34
 27798 | Orc:2    | Noticed a stone giant
 28261 | Orc:2    | Reached skill level 15 in Spellcasting
 29093 | D:11     | Offered knowledge of Bolt of Fire by Vehumet.
 29499 | D:11     | Reached skill level 1 in Fighting
 30424 | D:12     | Found Icseckut's Gadget Emporium.
 31507 | D:13     | Noticed Azrael
 31519 | D:13     | Killed Azrael
 31655 | D:13     | Found a runed door.
 31656 | D:13     | Noticed a tengu reaver
 31657 | D:13     | Noticed a storm dragon
 31658 | D:13     | Noticed a shadow dragon
 31659 | D:13     | Found the +2 Maxwell's thermic engine {flame, freeze, rF- rC-}
 32095 | D:13     | Offered knowledge of Ozocubu's Refrigeration by Vehumet.
 33030 | D:14     | Slain by an enchanted long sword

Skill      XL: |  1  2  3  4  5  6  7  8  9 10 11 12 13 14 |
---------------+-------------------------------------------+-----
Fire Magic     | 4 5 6 7 8 10 11 13 14 15 16 | 16.8
Conjurations   | 3 4 6 7 9 10 12 13 15 16 | 16.4
Spellcasting   | 4 5 6 8 9 10 12 13 14 16 | 16.1
Summonings     | 2 4 |  4.4
Throwing       | 1 |  1.0
Earth Magic    | 2 3 |  3.8
Translocations | 1 |  1.0
Fighting       | 2 |  2.7
Dodging        | |  2.5
Stealth        | |  2.4
Air Magic      | |  0.4

Action                   |  1- 3 |  4- 6 |  7- 9 | 10-12 | 13-15 || total
-------------------------+-------+-------+-------+-------+-------++-------
Melee: Unarmed           |     2 |     1 |     6 |    27 |     3 ||    39
       Staff             |       |       |       |       |    14 ||    14
Throw: Stone             |     3 |       |     5 |       |       ||     8
 Cast: Flame Tongue      |    69 |    30 |   196 |   381 |    70 ||   746
       Sticky Flame      |       |    12 |    37 |   116 |    33 ||   198
       Conjure Flame     |       |       |     9 |    26 |     1 ||    36
       Call Imp          |       |       |     3 |     6 |     1 ||    10
       Fireball          |       |       |     5 |    67 |   200 ||   272
       Sandblast         |       |       |       |    11 |       ||    11
       Call Canine Famil |       |       |       |     9 |     3 ||    12
       Blink             |       |       |       |     4 |    13 ||    17
       Mephitic Cloud    |       |       |       |     1 |       ||     1
       Bolt of Magma     |       |       |       |       |    51 ||    51
  Use: Scroll            |       |       |     6 |     8 |     9 ||    23
       Potion            |       |       |     1 |     6 |     4 ||    11
  Eat: Chunk             |     3 |     5 |    20 |    28 |    20 ||    76
       Ration            |       |       |     1 |     5 |     4 ||    10
Armor: Robe              |     5 |     7 |    35 |    65 |    25 ||   137
Dodge: Dodged            |    31 |    21 |    85 |   173 |    58 ||   368
